 Dungeon Crawl Stone Soup version 0.24.0-123-gd5b16e6ec5 (webtiles) character file.

Game seed: 5562094613051967125, levelgen mode: deterministic

11362 Inarius the Tainter (level 11, -1/92 (93) HPs)
             Began as a Naga Venom Mage on Dec 25, 2019.
             Was a Priest of Vehumet.
             Succumbed to a death drake's dark miasma
             ... in a Gauntlet.
             The game lasted 00:41:49 (15539 turns).

Inarius the Tainter (Naga Venom Mage)              Turns: 15539, Time: 00:41:49

HP:   -1/92 (93)    AC: 10    Str: 12    XL:     11   Next: 76%
MP:   19/19         EV: 12    Int: 18    God:    Vehumet [***...]
Gold: 260           SH:  2    Dex: 17    Spells: 4/21 levels left

rFire    . . .     SeeInvis +   F - +3 quarterstaff (chaos)
rCold    . . .     Gourm    .   (shield currently unavailable)
rNeg     + . .     Faith    .   v - +1 leather armour {MR+}
rPois    +         Spirit   .   K - +0 helmet
rElec    .         Reflect  +   y - +0 cloak
rCorr    .         Harm     .   f - +0 pair of gloves
MR       ++...     NoTele   +   (no barding)
Stlth    ++........             G - +2 amulet of reflection
HPRegen  0.25/turn              E - ring "Ocizengywo" {+Fly rN+ Dex+4 SInv Stlth-}
MPRegen  0.16/turn              w - +2 ring of strength

@: lethally poisoned (-1 -> -16), hasted and slowed, very slow
A: large, see invisible, deformed body, poison resistance, slowness 2, slow
metabolism 1, spit poison 1, AC +3
a: Spit Poison, Renounce Religion, Evoke Flight


You were in a Gauntlet.
You worshipped Vehumet.
Vehumet was most pleased with you.
You were not hungry.

You visited 2 branches of the dungeon, and saw 13 of its levels.
You also visited: Gauntlet.

You collected 573 gold pieces.
You spent 313 gold pieces at shops.

Inventory:

Hand Weapons
 B - a +1 dagger of venom
 F - a +3 quarterstaff of chaos (weapon)
Missiles
 n - 2 javelins (quivered)
Armour
 f - a +0 pair of gloves (worn)
 v - a +1 leather armour of magic resistance (worn)
 y - a +0 cloak (worn)
 C - a +1 scale mail of cold resistance
 H - the +5 scale mail "Umputuxt" {+Blink +Fly Str+7 Dex-5}
   (You found it on level 7 of the Dungeon)

   It affects your strength (+7).
   It affects your dexterity (-5).
   It lets you fly.
   It lets you blink.
 K - a +0 helmet (worn)
 M - the cursed +1 scale mail of Pauqapess {rPois rF+++ rC++ MR- Slay-2}
   (You found it on level 10 of the Dungeon)

   It affects your accuracy and damage with ranged weapons and melee attacks
   (-2).
   It renders you almost immune to fire.
   It greatly protects you from cold.
   It protects you from poison.
   It affects your resistance to hostile enchantments.
   It has a curse placed upon it.
Jewellery
 g - an uncursed ring of protection from magic
 r - an uncursed ring of stealth
 w - a +2 ring of strength (right hand)
 D - an uncursed ring of fire
 E - the ring "Ocizengywo" (left hand) {+Fly rN+ Dex+4 SInv Stlth-}
   (You found it on level 7 of the Dungeon)

   [ring of flight]

   It affects your dexterity (+4).
   It protects you from negative energy.
   It lets you see invisible.
   It lets you fly.
   It makes you less stealthy.
 G - a +2 amulet of reflection (around neck)
 I - an uncursed ring of protection from fire
Wands
 a - a wand of iceblast (5)
 j - a wand of flame (25)
Scrolls
 b - 3 scrolls of teleportation
 e - 7 scrolls of remove curse
 h - 3 scrolls of immolation
 o - a scroll of enchant armour
 s - a scroll of amnesia
 N - a scroll of identify
Potions
 d - 3 potions of heal wounds
 i - 2 potions of curing
 k - 6 potions of agility
 m - 2 potions of haste
 q - a potion of might
 t - a potion of berserk rage {unknown}
 x - a potion of lignification
 z - 2 potions of mutation {unknown}
 A - 2 potions of brilliance {unknown}
 J - a potion of degeneration {unknown}
 P - a potion of cancellation {unknown}
Comestibles
 c - 24 rations


   Skills:
 + Level 4.6 Fighting
 + Level 1.1 Short Blades
   Level 2.0(5.1) Maces & Flails
 + Level 7.5(7.7) Staves
 + Level 4.7 Armour
 + Level 4.2 Dodging
 - Level 4.1 Stealth
 - Level 0.7 Unarmed Combat
 - Level 5.5 Spellcasting
 * Level 7.2 Conjurations
 + Level 1.6 Fire Magic
 + Level 4.0 Air Magic
 + Level 10.9 Poison Magic
 - Level 4.0 Evocations


You had 4 spell levels left.
You knew the following spells:

 Your Spells              Type           Power        Failure   Level  Hunger
a - Sting                 Conj/Pois      ####         1%          1    None
b - Poisonous Vapours     Pois/Air       ####..       1%          2    None
c - Mephitic Cloud        Conj/Pois/Air  ####....     1%          3    ##.....
d - Olgreb's Toxic Radia  Pois           #####...     1%          4    ####...
f - Venom Bolt            Conj/Pois      #####.....   3%          5    #####..
g - Throw Flame           Conj/Fire      ###...       1%          2    None

Your spell library contained the following spells:

 Spells                   Type           Power        Failure   Level  Hunger
 Static Discharge         Conj/Air       ####....     1%          3    ##.....
 Magic Dart               Conj           ####         1%          1    None
 Throw Frost              Conj/Ice       ###...       1%          2    None
 Conjure Flame            Conj/Fire      ###.....     2%          3    ##.....
 Freeze                   Ice            #...         4%          1    None
 Spider Form              Tmut/Pois      ###.......   4%          3    ##.....
 Throw Icicle             Conj/Ice       ###.....     10%         4    ####...
 Beastly Appendage        Tmut           #.....       16%         1    None
 Blink                    Tloc           N/A          24%         2    None
 Call Imp                 Summ           #.......     24%         2    None
 Slow                     Hex            #.......     24%         2    None
 Sticks to Snakes         Tmut           #.......     24%         2    None
 Ozocubu's Armour         Chrm/Ice       #.......     43%         3    ##.....
 Ice Form                 Ice/Tmut       #.......     85%         4    ####...
 Summon Ice Beast         Ice/Summ       #.......     85%         4    ####...
 Blade Hands              Tmut           #.........   99%         5    #####..


Dungeon Overview and Level Annotations

Branches:
Dungeon (12/15)            Temple (0/1) D:5            Lair (1/6) D:11
Gauntlet (1/1)
    Orc: D:9-12

Altars:
Ashenzari
Cheibriados
Elyvilon
Gozag
Hepliaklqana
Kikubaaqudgha
Nemelex Xobeh
Qazlal
Ru
Sif Muna
Vehumet
Yredelemnul

Shops:
D:6 [   D:10 [

Annotations:
D:3 1 runed translucent door, Esos's ghost, amateur DgIE
D:9 exclusion: ice statue Gauntlet 2 runed translucent doors, 7 transporters


Innate Abilities, Weirdness & Mutations

You cannot wear boots.
Your serpentine skin is tough. (AC +3)
You have supernaturally acute eyesight. (SInv)
Armour fits poorly on your strangely shaped body.
Your system is resistant to poisons. (rPois)
You cover ground very slowly.
You have a slow metabolism.
You can spit poison.


Message History

Unknown command.
You feel very sick.
The withered plant is engulfed in dark miasma.
The withered plant is destroyed!
The harpy zombie claws you but does no damage.
The harpy zombie closely misses you. The spectral centaur warrior hits you.
You block the harpy zombie's attack. The harpy zombie completely misses you.
Unknown command.
You feel sick. You block the harpy zombie's attack.
The harpy zombie claws you but does no damage.
The spectral wolf spider hits you but does no damage.
You block the spectral wolf spider's attack.
Cornered, the death drake turns to fight!
The harpy zombie claws you. x2
* * * LOW HITPOINT WARNING * * *
The spectral wolf spider hits you!!
* * * LOW HITPOINT WARNING * * *
The spectral wolf spider bites you!
* * * LOW HITPOINT WARNING * * *
You die...

##≈#≈#≈#≈#§#≈#≈#§#§#≈
##..........§.........
#≈....................
##..###########..#####
#≈..#[#..#....#..#....
##..#!.#..#...#..#=#..
#≈..##..#..#..#..#..##
##..#.#Z.#..#.####..##
#≈..#@.#Z.#©.##©©#©.#† #.
##..#.#Z.#°.#.####..## ...
#≈..##..#..#..#..#..##
#..###..#..#..#...#..#.#..
#....#..#)#..#...k#..#....
#...©#..###########..#####
.....#....................
#....#.∩..................
#...©#..#########..#######


You could see a spectral wolf spider, a spectral centaur warrior and a harpy
zombie.

Vanquished Creatures
  A two-headed ogre (D:9)
  An unseen horror (D:10)
  A black mamba (shapeshifter) (D:9)
  A black mamba (Lair:1)
  A komodo dragon (Lair:1)
  2 trolls
  A queen bee (Gauntlet)
  2 wyverns (D:11)
  13 yaks
  A hungry ghost (D:9)
  Menkaure (D:5)
  2 water moccasins
  5 porcupines (D:11)
  Duvessa (D:4)
  4 orc warriors
  An ice beast (D:8)
  A sky beast (D:9)
  A hornet zombie (D:10)
  4 black bears
  5 phantoms
  A centaur (D:9)
  4 ogres
  A crocodile (D:11)
  6 bullfrogs
  A spiny frog simulacrum (Gauntlet)
  3 scorpions
  Dowan (D:4)
  11 killer bees
  4 wights (D:6)
  5 howler monkeys
  4 crimson imps
  4 bullfrog zombies
  2 centaur zombies
  A gnoll shaman (D:6)
  3 hounds
  Crazy Yiuf (D:6)
  9 orc priests
  A jelly (D:7)
  3 bullfrog skeletons
  2 centaur skeletons (D:10)
  4 iguanas
  11 orc wizards
  11 worker ants
  A hound skeleton (D:5)
  A worker ant zombie (D:9)
  7 gnolls
  8 adders
  2 shadow imps
  An adder skeleton (D:7)
  2 worms
  5 dart slugs
  2 leopard geckos
  42 orcs
  12 bats
  2 giant cockroaches
  4 goblins
  6 hobgoblins
  14 jackals
  3 quokkas
  A ball python (D:3)
  7 frilled lizards
  6 kobolds
  9 rats
  A plant (D:11)
278 creatures vanquished.

Vanquished Creatures (collateral kills)
  A killer bee (D:8)
  A leopard gecko (D:8)
2 creatures vanquished.

Vanquished Creatures (others)
  An orc warrior (D:9)
  A dart slug (D:3)
  A giant cockroach (D:3)
  A fungus (D:11)
  14 withered plants (Gauntlet)
18 creatures vanquished.

Grand Total: 298 creatures vanquished

Notes
Turn   | Place    | Note
-------+----------+-------------------------------------------
     0 | D:1      | Inarius the Naga Venom Mage began the quest for the Orb.
     0 | D:1      | Reached XP level 1. HP: 15/15 MP: 3/3
   190 | D:1      | Reached XP level 2. HP: 20/22 MP: 0/5
   247 | D:1      | Learned a level 2 spell: Poisonous Vapours
   620 | D:1      | Reached XP level 3. HP: 28/28 MP: 2/6
   625 | D:1      | Learned a level 3 spell: Mephitic Cloud
  1267 | D:2      | Found a basalt altar of Yredelemnul.
  1380 | D:2      | Found a shattered altar of Ashenzari.
  1381 | D:2      | Found a snail-covered altar of Cheibriados.
  1413 | D:2      | Reached skill level 1 in Air Magic
  1465 | D:2      | Reached XP level 4. HP: 31/36 MP: 2/7
  1998 | D:3      | Found a runed translucent door.
  1998 | D:3      | Noticed Esos's ghost (amateur DgIE)
  1998 | D:3      | Noticed a wyvern
  2259 | D:3      | Found a shimmering blue altar of Sif Muna.
  2266 | D:3      | Reached skill level 5 in Poison Magic
  2355 | D:3      | Found a sparkling altar of Nemelex Xobeh.
  2356 | D:3      | Found a radiant altar of Vehumet.
  2400 | D:3      | Became a worshipper of Vehumet
  2825 | D:4      | Reached XP level 5. HP: 31/43 MP: 3/9
  3005 | D:4      | Noticed Duvessa
  3012 | D:4      | Noticed Dowan
  3336 | D:4      | Killed Dowan
  3553 | D:4      | Learned a level 4 spell: Olgreb's Toxic Radiance
  3625 | D:4      | Noticed a phantom
  3736 | D:4      | Killed Duvessa
  3736 | D:4      | Reached skill level 1 in Armour
  3736 | D:4      | Reached XP level 6. HP: 39/50 MP: 1/11
  4095 | D:5      | Entered Level 5 of the Dungeon
  4470 | D:4      | Found a hazy altar of Hepliaklqana.
  4839 | D:5      | Noticed a phantom
  5439 | D:5      | Reached skill level 1 in Fighting
  5462 | D:5      | Found a staircase to the Ecumenical Temple.
  5467 | D:5      | Reached skill level 1 in Maces & Flails
  5467 | D:5      | Reached XP level 7. HP: 57/57 MP: 5/12
  5559 | D:5      | Reached skill level 6 in Poison Magic
  5646 | D:5      | Noticed Menkaure
  5650 | D:5      | Killed Menkaure
  5764 | D:6      | Found Boishis's Armour Shoppe.
  5786 | D:6      | Reached skill level 1 in Evocations
  5980 | D:6      | Reached * piety under Vehumet
  5980 | D:6      | Offered knowledge of Flame Tongue by Vehumet.
  6008 | D:6      | Reached XP level 8. HP: 30/64 MP: 0/14
  6798 | D:5      | Learned a level 1 spell: Flame Tongue
  6865 | D:6      | Reached skill level 7 in Poison Magic
  6915 | D:6      | Found a stormy altar of Qazlal.
  7083 | D:6      | Found a sacrificial altar of Ru.
  7346 | D:6      | Reached skill level 1 in Short Blades
  7486 | D:6      | Found a runed translucent door.
  7487 | D:6      | Noticed Crazy Yiuf
  7507 | D:6      | Killed Crazy Yiuf
  7658 | D:7      | Reached skill level 1 in Fire Magic
  7658 | D:7      | Reached XP level 9. HP: 67/73 MP: 14/16
  7745 | D:7      | Got an ancient glass ring
  7747 | D:7      | Identified the ring "Ocizengywo" {+Fly rN+ Dex+4 SInv
                  | Stlth-} (You found it on level 7 of the Dungeon)
  7786 | D:7      | Reached skill level 5 in Spellcasting
  7909 | D:7      | Got a brightly glowing scale mail
  8029 | D:7      | Learned a level 5 spell: Venom Bolt
  8339 | D:7      | Reached skill level 1 in Staves
  9416 | D:8      | Identified the +5 scale mail "Umputuxt" {+Blink +Fly Str+7
                  | Dex-5} (You found it on level 7 of the Dungeon)
  9621 | D:8      | Reached skill level 8 in Poison Magic
 10074 | D:9      | Reached XP level 10. HP: 45/81 MP: 16/18
 10758 | D:9      | Reached skill level 5 in Conjurations
 10761 | D:9      | Reached ** piety under Vehumet
 10761 | D:9      | Offered knowledge of Throw Flame by Vehumet.
 10769 | D:9      | Learned a level 2 spell: Throw Flame
 11120 | D:9      | Reached skill level 5 in Staves
 11519 | D:9      | Reached skill level 9 in Poison Magic
 11662 | D:9      | Found an ancient bone altar of Kikubaaqudgha.
 11701 | D:9      | Found a white marble altar of Elyvilon.
 11757 | D:9      | Noticed a black mamba
 11757 | D:9      | a hornet changed into a black mamba
 11764 | D:9      | Killed a black mamba
 11903 | D:9      | Noticed an ice statue
 12137 | D:9      | Noticed a two-headed ogre
 12153 | D:9      | Killed a two-headed ogre
 12226 | D:9      | Reached XP level 11. HP: 87/91 MP: 19/19
 12265 | D:10     | Entered Level 10 of the Dungeon
 12288 | D:10     | Offered knowledge of Dazzling Spray by Vehumet.
 12447 | D:10     | Reached *** piety under Vehumet
 12812 | D:10     | Got a spiked scale mail
 12961 | D:10     | Reached skill level 10 in Poison Magic
 13019 | D:10     | Noticed an unseen horror
 13024 | D:10     | Killed an unseen horror
 13172 | D:10     | Found an opulent altar of Gozag.
 13211 | D:10     | Found Kack's Antique Armour Boutique.
 13222 | D:10     | Bought an ichor-stained chain mail for 313 gold pieces
 13613 | D:11     | Found a staircase to the Lair.
 13799 | D:11     | Offered knowledge of Static Discharge by Vehumet.
 13870 | D:11     | Identified the cursed +1 scale mail of Pauqapess {rPois
                  | rF+++ rC++ MR- Slay-2} (You found it on level 10 of the
                  | Dungeon)
 14120 | D:11     | Identified the +5 chain mail "Dous" {rElec rF- Regen+
                  | rCorr} (You bought it in a shop on level 10 of the Dungeon)
 14452 | Lair:1   | Entered Level 1 of the Lair of Beasts
 14714 | Lair:1   | Found a gate leading to a gauntlet.
 14725 | Gauntlet | Entered a Gauntlet
 14725 | Gauntlet | Found a runed translucent door.
 14725 | Gauntlet | Found a transporter.
 14725 | Gauntlet | Found a transporter.
 14725 | Gauntlet | Found a runed translucent door.
 14963 | Gauntlet | Found a transporter.
 14966 | Gauntlet | Found a transporter.
 14969 | Gauntlet | Noticed a sixfirhy
 14975 | Gauntlet | Found a transporter.
 14977 | Gauntlet | Found a transporter.
 14979 | Gauntlet | Noticed a glowing orange brain
 14980 | Gauntlet | Noticed a glowing orange brain
 14985 | Gauntlet | Found a transporter.
 14998 | Gauntlet | Noticed a red ugly thing
 15003 | Gauntlet | Found a transporter.
 15005 | Gauntlet | Noticed a death drake
 15020 | Gauntlet | Found a transporter.
 15023 | Gauntlet | Found a transporter.
 15033 | Gauntlet | Found a transporter.
 15036 | Gauntlet | Found a transporter.
 15538 | Gauntlet | HP: 2/92 [spectral wolf spider (7)]
 15539 | Gauntlet | Succumbed to a death drake's dark miasma

Levels and vault maps discovered:
D:1:      minmay_arrival_five_plusses, layout_basic
D:2:      layout_rooms, yredelemnul_altar_generic,
          gammafunk_temple_overflow_pools
D:3:      layout_basic, overflow_temple_1_default,
          gammafunk_temple_overflow_statue, ebering_ghost_inner_flame,
          lemuel_another_geyser
D:4:      layout_basic, kennysheep_mini, first_ration, uniq_duvessa
D:5:      layout_basic, minmay_temple_entry_mist, feat_on_display, uniq_menkaure
D:6:      layout_rooms, nicolae_ru_awakened_eye, serial_shops, shop,
          grunt_qazlal_clouds, uniq_crazy_yiuf_cottage
D:7:      black_bear_nest_2, layout_loops_ring, corexii_item_surrounded_by_moat,
          grunt_ogre_cave
D:8:      layout_gridville
D:9:      minmay_statue_hallways, layout_rooms, lemuel_crystal_altar,
          serial_curves, eino_curves_02, eino_curves_04, basic_altar
D:10:     layout_basic, basic_altar, serial_shops, shop,
          minmay_misc_feat_encased
D:11:     layout_small_grid, due_lair_maze_entry_diamond
D:12:     layout_cave_pools, minmay_orc_entry_temple_small, serial_undead,
          serial_undead_c, serial_undead_b, serial_undead_c, serial_undead_a,
          serial_undead_b, serial_undead_b, st_stairs_8
Lair:1:   layout_layer_cave, gauntlet_entry_generic
Gauntlet: minmay_gauntlet_mixed_big_or_small [gammafunk_gauntlet_arena_chambers,
          minmay_gauntlet_arena_77_shame_cube, nicolae_gauntlet_arena_blocks,
          minmay_gauntlet_arena_77_fan, gammafunk_gauntlet_arena_arrow_garden,
          minmay_gauntlet_arena_77_braids, gauntlet_exit_watery]

Skill      XL: |  1  2  3  4  5  6  7  8  9 10 11 |
---------------+----------------------------------+-----
Air Magic      | 1 2 3 4 |  4.0
Poison Magic   | 5 6 7 8 9 10 | 10.9
Dodging        | 2 3 4 |  4.2
Spellcasting   | 3 4 5 |  5.5
Conjurations   | 2 3 4 5 7 |  7.2
Armour         | 1 2 3 4 |  4.7
Fighting       | 1 2 3 4 |  4.6
Maces & Flails | 1 2 |  2.0
Stealth        | 4 |  4.1
Evocations     | 1 3 4 |  4.0
Short Blades   | 1 |  1.1
Fire Magic     | 1 |  1.6
Staves         | 3 5 7 |  7.5
Unarmed Combat | |  0.7

Action                   |  1- 3 |  4- 6 |  7- 9 | 10-12 || total
-------------------------+-------+-------+-------+-------++-------
Melee: Unarmed           |    19 |       |       |       ||    19
       Whip              |     7 |   111 |    29 |       ||   147
       Punch             |       |     1 |       |       ||     1
       Dagger            |       |       |    32 |       ||    32
       Quarterstaff      |       |       |   131 |   243 ||   374
 Cast: Sting             |    72 |    80 |    35 |       ||   187
       Poisonous Vapours |     3 |    29 |    50 |     3 ||    85
       Mephitic Cloud    |       |     1 |    15 |     7 ||    23
       Olgreb's Toxic Ra |       |     1 |     6 |    34 ||    41
       Flame Tongue      |       |       |    20 |       ||    20
       Venom Bolt        |       |       |       |    27 ||    27
       Throw Flame       |       |       |       |    13 ||    13
 Abil: Spit Poison       |     2 |       |     3 |       ||     5
Evoke: Wand              |       |       |    21 |     2 ||    23
  Use: Scroll            |       |     8 |     5 |    11 ||    24
       Potion            |       |       |     1 |     2 ||     3
 Stab: Confused          |       |     1 |    11 |     3 ||    15
       Sleeping          |       |     2 |     4 |     1 ||     7
       Distracted        |       |       |     1 |       ||     1
       Paralysed         |       |       |       |     7 ||     7
       Petrified         |       |       |       |     2 ||     2
  Eat: Chunk             |     2 |    12 |    15 |    21 ||    50
       Ration            |       |       |     1 |     2 ||     3
Armor: Robe              |    13 |     8 |       |       ||    21
       Leather armour    |       |    69 |    65 |    99 ||   233
       Scale mail        |       |       |    14 |       ||    14
Dodge: Dodged            |    31 |    96 |   115 |   151 ||   393
Block: Other             |       |       |     7 |    25 ||    32
